 Dungeon Crawl Stone Soup version 0.28-a0-46-g7b1be97da7 (webtiles) character file.

Game seed: 1646991188616559150

11640 Conn the Thaumaturge (level 11, -8/64 (65) HPs)
             Began as an Octopode Fire Elementalist on July 29, 2021.
             Was a Believer of Sif Muna.
             Mangled by a wraith (9 damage)
             ... led by Josephine
             ... on level 11 of the Dungeon.
             The game lasted 00:43:45 (16109 turns).

Conn the Thaumaturge (Octopode Fire Elementalist)  Turns: 16109, Time: 00:43:46

HP:   -8/64 (65)    AC:  1    Str:  9    XL:     11   Next: 80%
MP:   8/33          EV: 15    Int: 20    God:    Sif Muna [**....]
Gold: 612           SH:  0    Dex: 18    Spells: 4/29 levels left

rFire   . . .      SeeInvis .   s - +1 dagger (freeze)
rCold   . . .      Faith    .   (no shield)
rNeg    . . .      Spirit   .   (helmet restricted)
rPois   .          Reflect  +   t - amulet of reflection
rElec   .          Harm     .   a - +6 ring of dexterity
rCorr   .          Rampage  .   B - +4 ring of slaying
Will    .....                   G - ring of magical power
Stlth   +++.......              (no ring)
HPRegen 0.20/turn               (no ring)
MPRegen 0.23/turn               (no ring)
                                (no ring)
                                (no ring)

@: confused, ambrosia-drunk, very slightly contaminated, slowed, studying Short
Blades, lightly drained, very slow
A: almost no armour, amphibious, 8 rings, camouflage 1, gelatinous body 1,
(nimble swimmer 1), tentacles
a: Renounce Religion, Channel Magic


You were on level 11 of the Dungeon.
You worshipped Sif Muna.
Sif Muna was pleased with you.
You visited 1 branch of the dungeon, and saw 11 of its levels.
You also visited: Sewer.

You collected 612 gold pieces.

Inventory:

Hand Weapons
 i - a +0 short sword
 n - a +1 dagger of protection
 s - a +1 dagger of freezing (weapon)
Armour
 w - a +1 buckler
Magical Staves
 c - a staff of cold
Jewellery
 a - a +6 ring of dexterity (left tentacle)
 l - an amulet of faith
 t - an amulet of reflection (around mantle)
 u - a ring of ice
 y - an amulet of the acrobat
 B - a +4 ring of slaying (right tentacle)
 G - a ring of magical power (on tentacle)
Wands
 b - a wand of flame (24)
 h - a wand of iceblast (19)
 r - a wand of paralysis (10)
 v - a wand of digging (4)
Scrolls
 d - 2 scrolls of immolation
 e - 4 scrolls of teleportation
 m - 4 scrolls of identify
 o - a scroll of magic mapping
 x - 3 scrolls of amnesia
 F - a scroll of brand weapon
Potions
 f - a potion of berserk rage
 g - 5 potions of curing
 k - 3 potions of ambrosia
 q - a potion of mutation
 z - 2 potions of flight
 C - a potion of cancellation
Miscellaneous
 j - a phantom mirror (inert)


   Skills:
 + Level 2.3 Fighting
 + Level 3.2 Short Blades
 + Level 0.3 Throwing
 + Level 4.2 Dodging
 + Level 7.6 Stealth
 + Level 1.1 Shields
 + Level 0.1 Unarmed Combat
 + Level 9.5 Spellcasting
 + Level 8.5 Conjurations
 + Level 0.6 Hexes
 + Level 8.8 Fire Magic
 * Level 2.9 Ice Magic
 + Level 3.5 Air Magic
 - Level 4.2 Invocations
 + Level 0.3 Evocations


You had 4 spell levels left.
You knew the following spells:

 Your Spells              Type           Power      Damage    Failure   Level
a - Foxfire               Conj/Fire      100%       2x1d9     1%          1
b - Conjure Flame         Conj/Fire      44%        6-21      1%          3
c - Inner Flame           Hex/Fire       28%        N/A       3%          3
d - Sticky Flame          Conj/Fire      44%        2d6       1%          4
e - Fireball              Conj/Fire      22%        3d10      5%          5
f - Freezing Cloud        Conj/Ice/Air   14%        6-21      26%         5
g - Airstrike             Air            11%        N/A       17%         4

Your spell library contained the following spells:

 Spells                   Type           Power      Damage    Failure   Level
 Corona                   Hex            13%        N/A       5%          1
 Corpse Rot               Necr/Air       N/A        N/A       5%          2
 Ensorcelled Hibernation  Hex/Ice        32%        N/A       5%          2
 Poisonous Vapours        Pois/Air       32%        N/A       5%          2
 Animate Skeleton         Necr           18%        N/A       8%          1
 Apportation              Tloc           18%        N/A       8%          1
 Beastly Appendage        Tmut           18%        N/A       8%          1
 Sandblast                Erth           18%        2d7       8%          1
 Summon Small Mammal      Summ           36%        N/A       8%          1
 Passwall                 Tmut/Erth      7%         N/A       11%         2
 Wereblood                Tmut           9%         N/A       11%         2
 Gell's Gravitas          Tloc           4%         N/A       22%         3
 Lesser Beckoning         Tloc           4%         N/A       22%         3
 Spider Form              Tmut/Pois      4%         N/A       22%         3
 Teleport Other           Tloc           9%         N/A       22%         3
 Summon Lightning Spire   Summ/Air       16%        N/A       34%         4
 Lightning Bolt           Conj/Air       16%        1d30      17%         5
 Alistair's Intoxication  Tmut/Pois      6%         N/A       90%         5
 Borgnjor's Vile Clutch   Necr/Erth      4%         N/A       90%         5
 Lee's Rapid Deconstruct  Erth           4%         3d6*      90%         5
 Eringya's Noxious Bog    Tmut/Pois      4%         N/A       100%        6
 Shadow Creatures         Summ           N/A        N/A       100%        6


Dungeon Overview and Level Annotations

Branches:
Dungeon (11/15)            Temple (0/1) D:4            Lair (0/6) D:10
    Orc (0/2) D:10          Sewer (visited)

Altars:
Cheibriados
Hepliaklqana
Qazlal
Ru
Sif Muna
Uskayaw
Beogh

Annotations:
D:11 Josephine


Innate Abilities, Weirdness & Mutations

You cannot wear most types of armour.
You are amphibious.
You can wear up to eight rings at the same time.
Your skin changes colour to match your surroundings (Stealth+).
Your rubbery body absorbs attacks. (AC +1, EV +1)
((You are camouflaged near water. (Stealth+)))
You have tentacles for arms and can constrict up to eight enemies at once.


Message History

Sif Muna accepts your kill.
The fireball engulfs Josephine!
Josephine is heavily wounded.
Josephine hits you with a +0 dagger!
Casting: Fireball (dangerous; 5% risk of failure)
Confirm with . or Enter, or press ? or * to list all spells.
Aiming: Sticky Flame (dangerous; 1% risk of failure)
Press: ? - help, Shift-Dir - straight line, f - Josephine
Aim: Josephine, wielding a +0 dagger and wearing a +0 robe (heavily wounded, 100% to hit)
The sticky flame hits Josephine!
Josephine is severely wounded.
Josephine is covered in liquid flames!
Josephine burns!
Josephine hits you with a +0 dagger!
Okay, then.
Okay, then.
Unknown command.
Unknown command.
Okay, then.
Unknown command.
You hit Josephine. You freeze Josephine. Your grab misses Josephine.
Josephine is severely wounded.
Josephine burns! x2; Josephine draws life force from you!
* * * LOW HITPOINT WARNING * * *
Josephine is healed by the life force!
The wraith completely misses you. You block the wraith's attack.
Josephine closely misses you. What are your orders? t - Shout!
Orders for allies: a - Attack new target. p - Attack previous target. r - Retreat! s - Stop attacking. g - Guard the area. f - Follow me.
Anything else - Cancel.
Okay, then.
Unknown command.
Okay, then.
You are confused.
You feel invigorated.
Josephine burns!
The wraith barely misses you. The wraith misses you.
Josephine hits you with a +0 dagger!
* * * LOW HITPOINT WARNING * * *
The wraith hits you!
You die...

.......(#.# ........#.#
(.[.....#.# ..........#
########################
........................
.................#
##########....##.##
#....##@W######
#....#W@W...$.#
#....#........#
#....#........#
#.(..#..).....#
#....#.)).....#
#........# #########
#...))...# #..†....#
#..).....#


You could see Josephine (burning) and 3 wraiths.

Vanquished Creatures
  A stone giant (D:10)
  3 two-headed ogres
  Pikel (D:5)
  A deep elf pyromancer (D:10)
  An ugly thing (D:10)
  Joseph (D:9)
  A kobold demonologist (D:9)
  An efreet (D:10)
  2 trolls
  2 shadows
  2 yaks (D:10)
  2 wyverns (D:10)
  A wraith (D:11)
  2 acid dragons (D:10)
  2 water moccasins
  3 black bears
  2 ogres
  7 orc warriors
  A sky beast (D:8)
  3 centaurs
  A lemure (D:5)
  10 kobold brigands
  3 bullfrogs
  A scorpion (D:6)
  A gnoll sergeant (D:10)
  17 killer bees
  5 wights
  2 howler monkeys
  3 bullfrog zombies
  2 centaur zombies (D:10)
  2 jellies
  3 hounds
  Crazy Yiuf (D:6)
  8 orc priests
  3 iguanas
  8 orc wizards
  A killer bee zombie (D:7)
  A hound skeleton (D:4)
  3 howler monkey zombies
  8 adders
  5 gnolls
  3 river rats
  A shadow imp (D:7)
  2 white imps
  2 ufetubi
  An adder skeleton (D:4)
  6 worms
  2 dart slugs
  23 orcs
  14 endoplasms
  3 giant cockroaches
  4 goblins (D:4)
  4 hobgoblins
  11 jackals
  8 ball pythons
  14 bats
  29 kobolds
  12 rats
  A butterfly (D:4)
267 creatures vanquished.

Vanquished Creatures (collateral kills)
  2 foxfires (D:8)
2 creatures vanquished.

Vanquished Creatures (others)
  A fire vortex (D:8)
  955 foxfires
956 creatures vanquished.

Grand Total: 1225 creatures vanquished

Notes
Turn   | Place    | Note
-------+----------+-------------------------------------------
     0 | D:1      | Conn the Octopode Fire Elementalist began the quest for the
                  | Orb.
     0 | D:1      | Reached XP level 1. HP: 11/11 MP: 3/3
   367 | D:1      | Reached XP level 2. HP: 17/17 MP: 1/5
   891 | D:1      | Reached XP level 3. HP: 21/21 MP: 0/6
   893 | D:1      | Learned a level 1 spell: Sandblast
   898 | D:1      | Learned a level 3 spell: Conjure Flame
  1791 | D:2      | Reached XP level 4. HP: 27/27 MP: 2/8
  1916 | D:2      | Reached skill level 3 in Spellcasting
  3178 | D:3      | Reached XP level 5. HP: 24/31 MP: 5/9
  3673 | D:3      | Found a faded altar of an unknown god.
  4001 | D:4      | Noticed an ogre
  4008 | D:4      | Killed an ogre
  4009 | D:4      | Reached XP level 6. HP: 37/37 MP: 0/11
  4293 | D:4      | Found a glowing drain.
  4297 | Sewer    | Entered a sewer
  4642 | Sewer    | Reached skill level 4 in Spellcasting
  4642 | Sewer    | Reached XP level 7. HP: 42/42 MP: 6/13
  5284 | Sewer    | Reached skill level 5 in Fire Magic
  5612 | D:4      | Found a staircase to the Ecumenical Temple.
  5977 | D:5      | Entered Level 5 of the Dungeon
  5983 | D:5      | Reached skill level 5 in Spellcasting
  5986 | D:5      | Reached XP level 8. HP: 47/47 MP: 7/15
  6194 | D:5      | Noticed a two-headed ogre
  6199 | D:5      | Noticed Pikel
  6239 | D:4      | Learned a level 3 spell: Inner Flame
  6244 | D:4      | Learned a level 4 spell: Sticky Flame
  6250 | D:4      | Learned a level 5 spell: Fireball
  6428 | D:5      | Reached skill level 1 in Short Blades
  6624 | D:5      | Found a shimmering blue altar of Sif Muna.
  6627 | D:5      | Became a worshipper of Sif Muna the Loreminder
  6653 | D:5      | Killed Pikel
  6654 | D:5      | Reached skill level 1 in Fighting
  6654 | D:5      | Reached skill level 6 in Spellcasting
  6654 | D:5      | Reached skill level 5 in Conjurations
  6768 | D:5      | Killed a two-headed ogre
  6769 | D:5      | Reached skill level 5 in Stealth
  6769 | D:5      | Reached XP level 9. HP: 51/53 MP: 9/19
  7248 | D:6      | Reached skill level 7 in Spellcasting
  7612 | D:6      | Found a runed translucent door.
  7613 | D:6      | Noticed Crazy Yiuf
  7629 | D:6      | Killed Crazy Yiuf
  8111 | D:7      | Reached * piety under Sif Muna
  8883 | D:7      | Reached skill level 1 in Invocations
  9373 | D:8      | Found a stormy altar of Qazlal.
  9385 | D:8      | Learned a level 4 spell: Airstrike
  9465 | D:8      | Found a hide-covered altar of Uskayaw.
  9643 | D:8      | Reached XP level 10. HP: 60/60 MP: 12/21
  9973 | D:8      | Found a snail-covered altar of Cheibriados.
 10093 | D:8      | Reached skill level 8 in Spellcasting
 10176 | D:8      | Reached skill level 1 in Air Magic
 11222 | D:9      | Noticed a kobold demonologist
 11247 | D:9      | Killed a kobold demonologist
 11624 | D:9      | Found a sacrificial altar of Ru.
 11701 | D:9      | Noticed a fire dragon
 11830 | D:9      | Noticed Joseph
 11847 | D:10     | Entered Level 10 of the Dungeon
 12274 | D:10     | Found a staircase to the Lair.
 12327 | D:10     | Noticed a two-headed ogre
 12483 | D:10     | Killed a two-headed ogre
 12538 | D:10     | Found a staircase to the Orcish Mines.
 12705 | D:10     | Reached ** piety under Sif Muna
 12888 | D:10     | Found a hazy altar of Hepliaklqana.
 12894 | D:10     | Reached XP level 11. HP: 64/64 MP: 23/23
 12988 | D:10     | Noticed a purple ugly thing
 13002 | D:10     | Killed a purple ugly thing
 13111 | D:9      | Learned a level 5 spell: Freezing Cloud
 13144 | D:9      | Killed Joseph
 13816 | D:10     | Noticed a two-headed ogre
 13846 | D:10     | Killed a two-headed ogre
 13847 | D:10     | Reached skill level 9 in Spellcasting
 13847 | D:10     | Reached skill level 1 in Ice Magic
 14532 | D:10     | Noticed a stone giant
 14550 | D:10     | HP: 2/65 [stone giant (10)]
 14551 | D:10     | Killed a stone giant
 14552 | D:10     | Reached skill level 1 in Shields
 14886 | D:10     | Noticed a deep elf pyromancer
 14903 | D:10     | Killed a deep elf pyromancer
 16098 | D:11     | Noticed Josephine
 16109 | D:11     | HP: 1/64 [Josephine (11)]
 16109 | D:11     | Mangled by a wraith

Illustrated notes

Levels and vault maps discovered:
D:1:      lightli_arrival_statue_moat, layout_basic
D:2:      layout_loops_corners, amcnicky_mini_corridor_feature,
          minmay_statues_item, chequers_serial_rivers_large_a, minmay_surrounded
D:3:      layout_loops_corners, hellmonk_ecumenical_altar_blasted
D:4:      layout_cave_pools, minmay_temple_entry_butterflies,
          gup_sewer_entry_bowl
D:5:      layout_cave_pools, lemuel_doored_altar, mrwooster_statue_mirror,
          uniq_pikel
D:6:      layout_loops_ring, minmay_splitting_lines, uniq_crazy_yiuf_cottage
D:7:      mumra_celtic_spiral_tile, layout_basic
D:8:      layout_basic, nicolae_uskayaw_murder_on_the_dancefloor,
          mainiacjoe_overflow_chevrons, lemuel_tele_altar, hangedman_incinerator
D:9:      dragon1_lemuel, layout_irregular_city, marbit_many_paths, uniq_joseph
D:10:     layout_basic, lemuel_crystal_altar, lair_entry_dummy,
          minmay_orc_entry_temple_small, nzn_random_ring
D:11:     layout_basic, uniq_josephine

Skill      XL: |  1  2  3  4  5  6  7  8  9 10 11 |
---------------+----------------------------------+-----
Stealth        | 3 4 5 6 7 |  7.6
Spellcasting   | 3 4 5 6 7 8 9 |  9.5
Conjurations   | 2 3 4 5 6 7 8 |  8.5
Fire Magic     | 4 5 6 7 8 |  8.8
Short Blades   | 2 3 |  3.2
Fighting       | 1 2 |  2.3
Dodging        | 3 4 |  4.2
Invocations    | 1 3 4 |  4.2
Air Magic      | 3 |  3.5
Ice Magic      | 2 |  2.9
Shields        | 1 |  1.1
Throwing       | |  0.3
Unarmed Combat | |  0.1
Hexes          | |  0.6
Evocations     | |  0.3

Action                   |  1- 3 |  4- 6 |  7- 9 | 10-12 || total
-------------------------+-------+-------+-------+-------++-------
Melee: Unarmed           |    22 |       |       |       ||    22
       Constrict         |     6 |     6 |    15 |     7 ||    34
       Tentacles         |     2 |     7 |    18 |    16 ||    43
       Short sword       |     2 |    24 |     2 |       ||    28
       Dagger            |       |       |    58 |    53 ||   111
Throw: Dart              |       |       |     1 |       ||     1
       Throwing net      |       |       |       |     1 ||     1
 Cast: Foxfire           |    55 |   113 |   217 |   197 ||   582
       Sticky Flame      |       |       |     9 |    18 ||    27
       Conjure Flame     |       |       |    13 |     5 ||    18
       Inner Flame       |       |       |     1 |     4 ||     5
       Fireball          |       |       |       |    29 ||    29
       Freezing Cloud    |       |       |       |     1 ||     1
Evoke: Wand              |       |       |       |     4 ||     4
       Phantom mirror    |       |       |       |     1 ||     1
  Use: Potion            |       |     2 |       |     6 ||     8
       Scroll            |       |       |       |    23 ||    23
 Stab: Sleeping          |     4 |     1 |     4 |    12 ||    21
       Paralysed         |       |       |       |     1 ||     1
Armor: Skin              |     2 |       |     6 |     2 ||    10
Dodge: Dodged            |    19 |    20 |    67 |    54 ||   160
Block: Other             |       |       |       |    17 ||    17
       Reflection        |       |       |       |     1 ||     1

Table legend: (Time is in decaauts)
 A = Elapsed time spent in this place.
 B = Non-inter-level travel time spent in this place.
 C = Inter-level travel time spent in this place.
 D = Time resting spent in this place.
 E = Time spent auto-exploring this place.
 F = Levels seen in this place.
 G = Mean time per level.
                   A        B        C        D        E       F      G
               +--------+--------+--------+--------+--------+-----+--------+
         Total |  16092 |  15924 |    168 |   1898 |  10623 |  12 | 1341.0 |
       Dungeon |  15043 |  14875 |    168 |   1898 |   9855 |  11 | 1367.5 |
         Sewer |   1048 |   1048 |      0 |      0 |    768 |   1 | 1048.0 |
               +--------+--------+--------+--------+--------+-----+--------+

Top non-repeatable levels by time:
    D:10: 3113 daAuts
     D:8: 1528 daAuts
     D:9: 1344 daAuts
     D:1: 1322 daAuts
     D:2: 1316 daAuts
     D:7: 1239 daAuts
     D:3: 1207 daAuts
     D:4: 1139 daAuts
     D:6: 1079 daAuts
   Sewer: 1048 daAuts
     D:5: 1027 daAuts
    D:11: 724 daAuts
